Map: Overgrown Facility

Players

Ekelpack - Winner!

  • Race: Zerg Zerg
  • Spawn Location: 7:00

Nyck - Winner!

  • Race: Terran Terran
  • League: Silver
  • Spawn Location: 9:00

PotuzhnyVoin

  • Race: Terran Terran
  • League: Gold
  • Spawn Location: 3:00

Valdorazor

  • Race: Protoss Protoss
  • League: Silver
  • Spawn Location: 1:00

VOD

Have the link to the VOD?

Description

Time

  • Played on: Nov. 8, 2024, 12:35 p.m.
  • Length: 27:21
Show
View Real Time Build Order
Export as new Build Order

Ekelpack Zerg - Winner!

Build Orders: Hatch First 

Get SALT Encoding   

  12  0:00  Drone  
  13  0:13  Overlord  
  13  0:18  Drone  
  14  0:45  Hatchery  
  14  0:47  Drone  
  14  1:04  Spawning Pool  
  13  1:06  Drone  
  13  1:10  Extractor  
  13  1:12  Drone  
  13  1:17  Drone  
  15  1:21  Drone  
  16  1:29  Drone  
  18  1:40  Drone  
  18  2:00  Queen  
  20  2:02  Queen  
  22  2:16  Roach Warren  
  21  2:23  Drone x3  
  21  2:29  Drone x2  
  26  2:36  Overlord  
  26  2:43  Drone  
  27  2:45  Drone  
  27  2:50  Extractor  
  27  2:52  Evolution Chamber  
  27  2:53  Drone  
  27  2:59  Drone  
  27  3:00  Drone  
  27  3:02  Drone  
  30  3:10  Overlord  
  30  3:19  Roach x3  
  36  3:23  Zerg Missile Weapons Level 1  
  36  3:30  Overlord  
  36  3:37  Roach x2  
  40  3:43  Roach  
  42  3:50  Roach x2  
  42  3:52  Roach  
  48  3:56  Overlord  
  48  4:04  Roach x2  
  52  4:14  Overlord  
  52  4:15  Roach  
  52  4:16  Roach  
  56  4:32  Roach x2  
  56  4:33  Roach  
  56  4:34  Overlord  
  48  5:06  Roach x4  
  48  5:07  Roach x4  
  56  5:37  Metabolic Boost  
  56  5:41  Roach x4  
  56  5:42  Roach  
  56  6:05  Zergling x2  
  56  6:06  Zergling x6  
  54  6:24  Zergling x4  
  54  6:25  Zergling x6  
  55  6:26  Zerg Melee Weapons Level 1  
  52  6:38  Zergling x2  
  50  6:43  Zergling x6  
  41  6:58  Lair  
  41  7:00  Zergling x6  
  41  7:01  Zergling x4  
  38  7:11  Zergling x4  
  38  7:22  Zergling x2  
  39  7:23  Zergling x6  
  42  7:44  Overlord x3  
  42  7:45  Overlord  
  41  8:05  Zergling x6  
  40  8:06  Zergling x8  
  41  8:18  Hydralisk Den  
  36  8:20  Drone  
  35  8:33  Zergling x10  
  35  8:34  Zergling x4  
  39  8:38  Queen  
  41  8:46  Zerg Missile Weapons Level 2  
  41  8:47  Grooved Spines  
  41  8:49  Zergling x6  
  41  8:54  Zergling x6  
  47  9:02  Hydralisk x5  
  57  9:22  Hydralisk x2  
  57  9:23  Hydralisk  
  48  9:24  Zergling x2  
  48  9:25  Zergling x4  
  51  9:36  Zergling x2  
  51  9:37  Zergling x8  
  47  9:56  Hydralisk x2  
  47  9:57  Zergling x2  
  47  9:58  Zergling x6  
  53  10:16  Hydralisk  
  53  10:17  Hydralisk  
  53  10:28  Zergling x2  
  53  10:29  Zergling x12  
  53  10:30  Zergling x2  
  61  10:41  Overlord  
  61  10:42  Extractor  
  60  10:48  Drone  
  61  10:50  Extractor  
  60  11:03  Zergling x8  
  64  11:15  Drone x3  
  67  11:23  Drone x3  
  65  11:58  Infestation Pit  
  64  12:12  Hydralisk x7  
  64  12:13  Hydralisk  
  80  12:16  Hatchery  
  80  12:18  Overlord  
  79  12:38  Hydralisk x5  
  70  13:16  Zergling x8  
  58  13:26  Hive  
  58  13:29  Drone x5  
  63  13:42  Drone x3  
  66  13:52  Drone x3  
  69  14:25  Extractor  
  69  14:26  Drone x6  
  69  14:27  Drone x2, Extractor  
  69  14:28  Overlord x2  
  75  14:35  Queen  
  77  14:40  Adrenal Glands  
  77  14:41  Zerg Melee Weapons Level 2  
  77  14:46  Ultralisk Cavern  
  76  14:55  Muscular Augments  
  76  15:05  Pneumatized Carapace  
  76  15:11  Queen  
  78  15:16  Zergling x12  
  78  15:17  Zergling x2  
  85  15:40  Ultralisk x3  
  103  15:43  Chitinous Plating  
  103  15:53  Overlord  
  103  16:08  Overlord  
  103  16:10  Ultralisk  
  109  16:24  Hydralisk  
  109  16:25  Hydralisk x4  
  106  17:07  Anabolic Synthesis  
  106  17:13  Hatchery  
  105  17:24  Ultralisk x3  
  105  17:26  Ultralisk  
  129  17:31  Extractor  
  129  17:32  Extractor  
  127  18:31  Ultralisk  
  127  18:32  Overlord  
  127  18:33  Overlord  
  133  18:44  Ultralisk  
  133  18:45  Hydralisk x3  
  133  18:46  Hydralisk  
  135  18:58  Hydralisk x5  
  135  18:59  Hydralisk x3  
  151  19:12  Drone  
  151  19:13  Overlord x3  
  148  19:32  Drone x4  
  148  19:33  Drone x6  
  158  19:47  Drone x2  
  110  20:14  Hydralisk x4  
  110  20:15  Hydralisk x5  
  128  20:28  Zerg Melee Weapons Level 3  
  128  20:52  Hydralisk x3  
  128  20:53  Hydralisk x6  
  128  20:54  Hydralisk  
  142  21:24  Ultralisk x2  
  142  21:25  Ultralisk  
  160  21:36  Overlord, Hydralisk  
  160  21:37  Hydralisk x3  
  166  21:54  Hydralisk x4  
  166  21:55  Hydralisk x2  
  173  22:08  Hydralisk x4  
  166  22:09  Hydralisk  
  170  22:32  Hatchery  
  157  23:09  Spawning Pool  
  156  24:01  Ultralisk x3  
  174  24:09  Hatchery  
  173  24:23  Overlord x2  
  171  24:26  Drone  
  171  24:27  Drone  
  171  24:30  Drone x2  
  171  24:31  Drone, Overlord  
  176  24:32  Overlord x2  
  172  24:49  Ultralisk x3  
  188  25:21  Hatchery  
  187  26:09  Drone  
  187  26:10  Drone x2  
  190  26:15  Hatchery  
  187  26:31  Hatchery  
  180  26:45  Hatchery  
  179  26:51  Drone x4  
  179  26:52  Drone x5  
Show
View Real Time Build Order
Export as new Build Order

Nyck Terran - Winner!

Build Orders:  

Get SALT Encoding   

  12  0:00  SCV  
  13  0:12  SCV  
  14  0:22  Supply Depot  
  14  0:25  SCV  
  15  0:44  SCV  
  15  0:48  Barracks  
  16  0:56  SCV  
  17  1:12  Barracks  
  17  1:13  SCV  
  18  1:25  SCV  
  19  1:43  Supply Depot  
  19  1:47  Orbital Command  
  19  1:58  Command Center  
  19  1:59  Marine  
  20  2:02  Marine  
  21  2:08  Refinery  
  21  2:22  Marine x2  
  23  2:30  SCV  
  24  2:40  Barracks  
  24  2:43  Marine x2, Barracks  
  26  2:46  SCV  
  27  3:07  Barracks Reactor  
  27  3:10  Barracks Reactor  
  27  3:11  SCV  
  28  3:13  SCV  
  28  3:19  Refinery  
  29  3:23  SCV  
  29  3:24  Refinery  
  30  3:31  Barracks Reactor  
  30  3:38  Marine  
  31  3:44  Marine  
  31  3:45  Marine  
  31  3:46  Marine x2  
  35  3:50  SCV  
  35  3:51  SCV  
  37  4:03  Marine  
  37  4:04  Marine  
  37  4:08  Supply Depot  
  39  4:11  Marine  
  39  4:12  Marine x2  
  39  4:13  Marine  
  39  4:16  SCV  
  45  4:18  Orbital Command  
  44  4:27  Marine x2  
  44  4:30  SCV  
  47  4:31  Supply Depot  
  47  4:36  Marine x2  
  47  4:37  Marine x2  
  51  4:42  SCV  
  44  4:54  Supply Depot, SCV  
  44  4:55  Marine x2  
  44  4:56  Marine x3  
  47  5:12  Marine x2  
  47  5:17  Supply Depot, Marine x2  
  47  5:18  Marine x2  
  47  5:19  Marine  
  52  5:44  SCV x2  
  52  5:45  Marine x4  
  52  5:46  Marine  
  52  5:47  Barracks Tech Lab  
  57  5:56  SCV x2  
  56  6:06  Marine x2  
  56  6:07  Marine x4  
  56  6:10  Marauder  
  64  6:30  SCV x2  
  64  6:31  Marine  
  64  6:32  Marine x2  
  69  6:40  Marine x4  
  69  6:42  SCV  
  74  6:53  Marine x3  
  75  6:59  Marauder  
  64  7:12  Marine x2  
  64  7:13  Marine x3  
  64  7:14  Marine  
  66  7:16  Combat Shield  
  66  7:19  Barracks  
  66  7:20  Marauder  
  68  7:26  Barracks  
  68  7:28  Engineering Bay  
  68  7:29  Engineering Bay  
  68  7:30  SCV x2  
  68  7:35  Refinery  
  70  7:38  Marine  
  70  7:39  Marine x5  
  70  7:41  Marauder  
  78  7:46  SCV  
  78  7:49  SCV  
  78  7:50  Supply Depot  
  57  8:08  Marine x5  
  57  8:09  Marine  
  57  8:10  Marauder  
  65  8:31  Terran Infantry Weapons Level 1, Terran Infantry Armor Level 1  
  65  8:33  Supply Depot  
  65  8:34  Marine x5, Marauder  
  67  8:35  Barracks Tech Lab x2  
  72  8:44  SCV, Ghost Academy  
  72  8:45  SCV  
  72  8:47  Marine  
  75  8:51  Stimpack  
  75  8:55  Concussive Shells, Marauder  
  77  8:56  Marine x2  
  77  8:57  Marine x3  
  77  8:58  Marauder x2  
  77  9:02  Supply Depot  
  86  9:09  Marine  
  87  9:11  Factory  
  87  9:17  Marauder  
  78  9:24  Supply Depot  
  78  9:25  Marine  
  61  9:33  Marine x4  
  61  9:34  Marine  
  61  9:35  Marauder x2  
  61  9:38  Marauder  
  67  9:45  Marine  
  66  9:56  Marauder x2  
  66  9:59  Marauder  
  72  10:00  Marine  
  72  10:01  Marine x4  
  72  10:02  Marine  
  76  10:17  Marauder  
  76  10:18  Marauder  
  76  10:20  Marine  
  76  10:21  Marine x4, Marauder  
  83  10:34  Armory  
  83  10:37  Marine  
  83  10:38  Marine x2  
  83  10:39  Marine x3, Marauder x2  
  83  10:41  Starport, Ghost  
  95  10:47  Supply Depot  
  95  10:49  SCV x2  
  97  10:54  Marine  
  97  10:56  Marine  
  99  10:59  Ghost, Personal Cloaking  
  99  11:00  Ghost  
  99  11:02  Marine x2  
  99  11:03  Marine x2  
  107  11:06  SCV  
  107  11:07  SCV  
  107  11:10  Supply Depot, Ghost  
  111  11:13  Marine  
  111  11:14  Marine  
  113  11:28  Ghost x2  
  117  11:36  Supply Depot, Marine x3  
  117  11:37  Marine x2  
  122  11:49  Terran Infantry Weapons Level 2  
  122  11:50  Terran Infantry Armor Level 2  
  122  11:54  SCV x2  
  124  12:06  SCV x2  
  126  12:12  Medivac  
  128  12:25  Nuke  
  128  12:34  Command Center  
  98  13:07  Medivac  
  98  13:24  SCV x2  
  98  13:26  Nuke  
  100  13:44  SCV x2  
  100  13:47  Marine x5  
  111  13:48  Marauder x2  
  111  13:49  Marauder  
  111  13:50  Marine  
  118  14:10  SCV, Marauder x3  
  118  14:11  SCV  
  119  14:22  Marine x5  
  119  14:23  SCV, Marine  
  126  14:30  Orbital Command  
  126  14:32  SCV  
  126  14:35  SCV  
  128  14:44  SCV  
  129  14:46  Marine x4  
  129  14:47  SCV, Marine x2, Ghost  
  129  14:48  Ghost x2  
  142  14:57  SCV  
  142  14:58  SCV  
  142  14:59  SCV  
  145  15:09  SCV  
  145  15:10  SCV  
  145  15:11  SCV  
  148  15:21  SCV  
  149  15:25  SCV x2  
  149  15:26  Command Center  
  149  15:44  Supply Depot  
  149  16:06  SCV x3  
  149  16:07  Supply Depot, Starport Reactor  
  152  16:15  Starport  
  155  16:18  SCV x3  
  155  16:19  Starport  
  155  16:20  Factory Reactor  
  155  16:30  SCV x3  
  155  16:31  Supply Depot  
  155  16:32  Terran Infantry Weapons Level 3  
  156  16:33  Terran Infantry Armor Level 3, Marine x3  
  156  16:34  Marine x2  
  156  16:35  Marine  
  156  16:37  Nuke  
  162  16:50  Orbital Command  
  162  16:53  Marine  
  162  16:54  Supply Depot, Marine x5  
  164  16:59  SCV x2  
  164  17:00  SCV  
  171  17:03  Refinery  
  171  17:05  Ghost  
  171  17:06  Refinery  
  171  17:07  Ghost  
  175  17:10  Ghost  
  175  17:11  SCV  
  175  17:12  SCV x2  
  180  17:19  Viking x2  
  180  17:21  Starport Reactor  
  184  17:24  Armory  
  184  17:26  Terran Vehicle And Ship Armor Level 1  
  184  17:30  SCV x3  
  184  17:32  Marine x4  
  184  17:33  Marine  
  184  17:34  Marine  
  193  17:42  SCV x2  
  193  17:43  SCV  
  196  17:54  Marine  
  196  17:55  SCV x3  
  200  18:08  Command Center  
  197  18:31  Ghost  
  133  19:16  Viking x5  
  133  19:17  Viking  
  144  19:26  Marine  
  144  19:27  Marine x4  
  144  19:28  Ghost x3  
  155  19:39  SCV x3  
  158  19:56  Ghost  
  127  20:19  Marine  
  127  20:20  Marine x6  
  132  20:21  Ghost  
  122  20:57  SCV x3  
  119  20:58  Marine x4  
  119  21:00  Nuke  
  102  22:02  Marine x3  
  102  22:03  Marine x2  
  102  22:04  Ghost x3  
  102  22:06  Marine  
  110  22:21  Marine  
  110  22:22  Marine x3  
  114  22:32  Ghost  
  114  22:33  Ghost x2  
  116  22:37  Marine x2  
  116  22:39  SCV x2  
  113  22:51  Marine x3  
  109  22:52  Marine  
  104  23:34  Orbital Command  
  104  23:36  SCV x2  
  104  23:37  Marine x3  
  104  23:38  Marine x3, Ghost x2  
  104  23:39  Ghost  
  108  24:22  Ghost x3  
  105  24:48  Viking x2  
  106  25:28  SCV x2  
  107  25:40  SCV x2, Viking  
  107  25:42  Viking  
  112  25:52  SCV x2  
  113  26:04  SCV  
  113  26:19  SCV x2  
  115  26:32  SCV x2  
  117  26:43  Viking  
  117  26:44  SCV x2, Viking  
Show
View Real Time Build Order
Export as new Build Order

PotuzhnyVoin Terran 

Build Orders:  

Get SALT Encoding   

  12  0:18  SCV  
  13  0:52  Command Center  
  13  1:04  Supply Depot  
  13  1:17  Engineering Bay  
  13  1:25  Refinery  
  13  1:43  Barracks  
  13  1:55  Missile Turret  
  13  2:03  SCV  
  14  2:15  SCV  
  15  2:25  Refinery  
  15  2:28  SCV  
  16  2:36  Barracks  
  16  2:41  Marine  
  17  3:04  Marine  
  18  3:12  Planetary Fortress  
  18  3:28  Barracks Tech Lab  
  18  3:30  Barracks Reactor  
  18  3:41  Hi-Sec Auto Tracking  
  18  3:47  Marauder  
  20  4:00  Missile Turret  
  20  4:03  Refinery  
  20  4:05  SCV  
  21  4:17  Supply Depot, SCV  
  21  4:21  Marine  
  23  4:25  SCV  
  23  4:29  SCV  
  25  4:37  SCV  
  26  4:41  SCV, Marauder  
  29  4:50  Marine x2  
  30  5:02  Marauder, Stimpack  
  30  5:05  Terran Infantry Weapons Level 1  
  32  5:08  Marine  
  32  5:09  Marine  
  34  5:16  SCV  
  35  5:26  Marauder  
  35  5:27  Marine  
  38  5:28  SCV  
  38  5:29  Marine  
  40  5:41  SCV  
  41  5:51  Factory  
  41  6:01  Marine x2  
  43  6:04  Marauder  
  39  6:26  Marauder  
  41  6:33  Marine  
  41  6:34  Marine  
  40  6:47  Marauder  
  40  6:51  Marine x2, Barracks  
  40  6:56  Factory Tech Lab  
  40  7:00  Terran Infantry Armor Level 1  
  33  7:02  Starport  
  35  7:08  Marauder  
  35  7:09  Marine x2  
  36  7:25  Barracks  
  36  7:27  Marine x2  
  36  7:28  Barracks  
  36  7:29  Marine  
  42  7:30  Siege Tank  
  42  7:38  Barracks Reactor  
  42  7:44  Starport Reactor  
  42  7:45  Marine x2  
  36  7:59  Marine  
  36  8:02  Siege Tank, Marine  
  36  8:03  Marine  
  36  8:16  Marine x4  
  40  8:20  Barracks Tech Lab  
  40  8:35  Marauder, Medivac x2  
  40  8:37  Barracks Reactor  
  46  8:52  Supply Depot  
  46  8:54  Supply Depot  
  46  9:14  SCV, Marine x4  
  47  9:26  SCV  
  47  9:27  Marine  
  47  9:28  Marine  
  47  9:29  Marauder x2  
  51  9:31  Siege Tank  
  38  9:56  Command Center  
  34  10:01  Marine  
  34  10:02  Marine x2  
  34  10:03  Siege Tank  
  34  10:06  Combat Shield  
  37  10:27  Marine x3  
  38  10:29  Marauder  
  40  10:35  Siege Tank  
  43  10:47  Marine x2  
  43  10:48  Marine x2  
  47  10:50  Marauder  
  47  10:53  Barracks Tech Lab  
  47  10:55  Barracks Reactor  
  49  11:09  Orbital Command  
  49  11:12  Marauder  
  49  11:13  SCV  
  52  11:19  Refinery  
  52  11:25  SCV  
  53  11:27  Marine x2  
  53  11:29  Marauder  
  53  11:30  Marine  
  58  11:37  SCV  
  59  11:45  Refinery  
  59  11:49  SCV  
  60  12:01  SCV  
  61  12:13  SCV  
  62  12:16  Marine x4  
  62  12:18  Marine x2, Marauder x2  
  62  12:21  Starport Tech Lab  
  72  12:25  SCV  
  73  12:37  SCV  
  69  12:50  SCV  
  60  12:59  Orbital Command  
  60  13:10  Liberator  
  24  13:52  Starport  
  24  13:53  Starport  
  24  13:54  Fusion Core  
  21  14:34  Starport Tech Lab  
  21  14:37  Starport Tech Lab  
  21  14:42  SCV  
  22  14:49  Planetary Fortress  
  22  14:54  SCV, Weapon Refit  
  22  14:56  Battlecruiser  
  22  14:58  Battlecruiser  
  35  15:06  SCV  
  36  15:12  Starport Tech Lab  
  36  15:18  SCV  
  37  15:22  Supply Depot  
  37  15:31  SCV, Siege Tank  
  41  15:36  SCV  
  42  15:43  SCV  
  42  15:44  Supply Depot, SCV  
  42  15:48  SCV  
  45  15:53  Armory  
  45  15:55  SCV  
  45  15:56  SCV  
  47  16:00  SCV  
  48  16:06  Supply Depot  
  48  16:08  SCV  
  49  16:20  SCV  
  50  16:33  SCV  
  50  16:36  Missile Turret  
  51  16:40  Battlecruiser  
  51  16:42  Terran Ship Weapons Level 1  
  57  16:54  Battlecruiser  
  63  16:58  Missile Turret  
  63  17:19  Missile Turret  
  63  17:23  Starport  
  63  17:26  Armory  
  63  17:44  Battlecruiser  
  63  17:51  Supply Depot x2  
  69  18:01  SCV, Battlecruiser  
  76  18:13  SCV  
  76  18:17  Starport Tech Lab  
  77  18:20  Terran Vehicle And Ship Armor Level 1  
  77  18:25  SCV  
  74  18:40  Battlecruiser  
  76  18:48  Battlecruiser  
  81  18:58  Terran Ship Weapons Level 2  
  81  19:06  Supply Depot x2  
  81  19:28  Battlecruiser  
  86  19:36  Command Center  
  86  19:47  Battlecruiser  
  44  20:26  Battlecruiser  
  50  20:40  Battlecruiser  
  46  21:46  Battlecruiser  
  46  22:55  Battlecruiser  
Show
View Real Time Build Order
Export as new Build Order

Valdorazor Protoss 

Build Orders:  

Get SALT Encoding   

  12  0:00  Probe  
  13  0:12  Probe  
  14  0:24  Probe  
  14  0:26  Pylon  
  15  0:37  Pylon  
  16  0:57  Probe  
  16  1:00  Assimilator  
  16  1:01  Pylon  
  16  1:09  Probe  
  17  1:13  Pylon  
  17  1:22  Probe  
  18  1:34  Gateway, Probe  
  18  1:35  Gateway  
  18  1:39  Gateway  
  19  1:46  Probe  
  20  1:55  Forge  
  20  2:01  Assimilator  
  20  2:25  Cybernetics Core, Zealot x2  
  20  2:27  Zealot  
  26  2:30  Probe  
  27  2:42  Probe  
  28  2:54  Zealot, Probe  
  28  2:55  Zealot  
  28  2:58  Warp Gate (Chrono Boost)  
  33  3:02  Pylon  
  33  3:09  Stalker  
  35  3:21  Stalker (Chrono Boost)  
  35  3:23  Stalker (Chrono Boost)  
  39  3:39  Stalker (Chrono Boost)  
  41  3:49  Sentry (Chrono Boost)  
  41  3:50  Stalker (Chrono Boost)  
  45  4:23  Pylon  
  47  4:36  Nexus  
  45  4:41  Stalker  
  45  4:42  Stalker  
  47  4:50  Stalker  
  33  5:16  Stalker x3  
  39  5:39  Stalker  
  39  5:40  Stalker x2  
  39  6:05  Stalker  
  39  6:06  Stalker x2  
  45  6:29  Photon Cannon  
  45  6:30  Photon Cannon  
  45  6:32  Photon Cannon  
  45  6:42  Stalker  
  35  7:14  Stalker x3  
  41  7:29  Probe x2  
  43  7:38  Zealot  
  43  7:41  Probe x2  
  43  7:53  Probe x2  
  45  8:05  Probe  
  44  8:09  Zealot x3  
  36  8:22  Probe x2  
  38  8:32  Stalker  
  38  8:33  Stalker x2  
  38  8:34  Probe x2  
  46  8:45  Assimilator  
  47  8:48  Assimilator  
  47  8:49  Protoss Ground Weapons Level 1  
  46  8:57  Pylon  
  46  8:58  Stalker  
  46  8:59  Pylon  
  46  9:00  Zealot  
  50  9:19  Gateway  
  48  9:31  Stalker x3  
  44  9:57  Stalker x3  
  38  10:25  Stalker x4  
  46  10:33  Gateway  
  46  10:45  Nexus  
  46  10:47  Assimilator  
  46  10:49  Assimilator, Stalker x2  
  50  10:53  Pylon  
  50  10:54  Zealot  
  50  10:56  Pylon  
  52  10:57  Zealot  
  54  11:16  Photon Cannon  
  54  11:17  Photon Cannon  
  54  11:18  Photon Cannon  
  54  11:23  Probe (Chrono Boost)  
  54  11:24  Probe (Chrono Boost)  
  56  11:35  Probe (Chrono Boost)  
  56  11:36  Probe (Chrono Boost)  
  58  11:40  Probe (Chrono Boost)  
  58  11:41  Probe (Chrono Boost)  
  60  11:49  Probe  
  60  11:50  Probe  
  62  12:01  Probe  
  62  12:02  Probe  
  62  12:08  Stargate  
  64  12:10  Stargate  
  64  12:12  Stargate  
  64  12:13  Probe x2  
  64  12:14  Probe  
  67  12:25  Probe x2  
  67  12:26  Stalker x2  
  67  12:27  Stalker, Zealot  
  67  12:29  Zealot  
  79  12:37  Probe  
  72  13:15  Pylon  
  72  13:18  Photon Cannon  
  72  13:20  Photon Cannon x2  
  72  13:26  Stalker x3  
  78  13:53  Fleet Beacon  
  78  13:57  Stalker x2  
  78  13:58  Zealot x2  
  78  14:01  Stalker  
  88  14:04  Protoss Shields Level 1  
  88  14:15  Robotics Facility  
  100  14:26  Void Ray x2  
  100  14:27  Void Ray  
  100  14:31  Stalker x3  
  100  14:33  Zealot  
  100  14:34  Zealot  
  100  14:35  Protoss Air Weapons Level 1 (Chrono Boost)  
  100  14:36  Probe  
  111  14:38  Probe  
  111  14:41  Probe  
  113  14:48  Probe  
  113  14:51  Probe  
  115  14:53  Probe  
  116  15:01  Probe  
  117  15:11  Pylon  
  117  15:13  Pylon  
  117  15:14  Pylon  
  117  15:17  Nexus  
  117  15:19  Pylon  
  117  15:20  Pylon  
  117  15:22  Assimilator  
  117  15:23  Assimilator, Pylon  
  117  15:24  Pylon  
  117  15:27  Pylon x2  
  117  15:29  Pylon x2  
  117  15:30  Pylon  
  117  15:31  Probe x2  
  117  15:35  Observer, Void Ray x2  
  128  15:53  Observer  
  128  15:55  Protoss Ground Armor Level 1  
  129  15:57  Tempest  
  129  16:03  Photon Cannon  
  134  16:04  Photon Cannon  
  134  16:06  Photon Cannon  
  118  16:20  Protoss Air Armor Level 1  
  116  16:41  Flux Vanes  
  116  16:42  Robotics Bay  
  116  16:46  Probe x4  
  120  16:58  Probe x3  
  120  16:59  Tempest  
  136  17:04  Void Ray x2  
  136  17:13  Probe  
  137  17:44  Nexus  
  137  17:49  Gravitic Boosters  
  141  17:52  Tempest  
  141  17:57  Void Ray x2  
  108  18:52  Stalker  
  108  18:53  Stalker  
  124  19:00  Void Ray  
  124  19:01  Void Ray x2  
  124  19:18  Unknown  
  124  19:37  Tempest x2  
  124  19:38  Tempest  
  139  19:41  Stalker x2  
  66  20:20  Tempest x3  
  13  22:35  Nexus  
  13  22:41  Pylon  
  13  22:42  Pylon  
  13  22:45  Pylon  
  13  22:47  Pylon  
  13  22:49  Pylon  
  13  22:53  Pylon  
Tags
 
Add a new tag
Caveats
  • Supply blocks, unpowered buildings, or Contaminate may cause inaccurate times.
  • Supply counts are checked every 10 seconds.